Map: Taito Citadel LE

Players

Sopuli - Winner!

  • Race: Zerg Zerg
  • League: Diamond
  • Spawn Location: 5:00

samosel

  • Race: Zerg Zerg
  • League: Platinum
  • Spawn Location: 11:00

VOD

Have the link to the VOD?

Description

Time

  • Played on: Dec. 17, 2025, 10:03 a.m.
  • Length: 9:49
Show
View Real Time Build Order
Export as new Build Order

Sopuli Zerg - Winner!

Build Orders: Hatch First 

Get SALT Encoding   

  12  0:00  Drone  
  13  0:09  Drone  
  14  0:14  Extractor  
  14  0:15  Drone  
  15  0:25  Overlord  
  15  0:44  Drone  
  15  0:46  Hatchery  
  15  0:48  Drone  
  16  0:53  Drone  
  16  0:55  Drone  
  18  1:07  Extractor  
  18  1:11  Spawning Pool  
  16  1:14  Drone  
  16  1:17  Drone  
  18  1:27  Drone  
  19  1:38  Drone  
  20  1:49  Overlord  
  20  1:57  Queen x2  
  20  1:58  Zergling x2  
  20  1:59  Zergling x2  
  26  2:10  Drone x2  
  26  2:14  Metabolic Boost  
  28  2:22  Drone x2  
  30  2:33  Hatchery  
  29  2:37  Drone  
  29  2:38  Drone  
  31  2:47  Drone x2  
  33  2:54  Drone x2  
  35  3:02  Drone  
  36  3:08  Overlord  
  36  3:09  Overlord  
  35  3:15  Roach Warren  
  35  3:16  Drone  
  35  3:18  Overlord  
  35  3:25  Queen  
  35  3:26  Drone x3  
  40  3:28  Drone  
  40  3:30  Drone  
  42  3:36  Drone  
  43  3:42  Evolution Chamber  
  42  3:49  Drone x5  
  42  3:54  Lair, Extractor  
  46  3:59  Drone x2  
  46  4:00  Drone  
  46  4:01  Evolution Chamber  
  46  4:02  Extractor  
  47  4:08  Zerg Missile Weapons Level 1  
  47  4:10  Drone x3  
  47  4:13  Drone  
  47  4:15  Drone x2  
  53  4:22  Overlord  
  53  4:25  Overlord  
  53  4:31  Roach x2  
  53  4:32  Roach x2  
  53  4:33  Roach  
  53  4:35  Drone  
  64  4:39  Drone  
  65  4:46  Drone x2  
  65  4:49  Drone x2, Extractor  
  65  4:50  Drone  
  69  4:55  Drone x2  
  69  4:56  Drone, Glial Reconstitution  
  72  5:06  Drone x2  
  72  5:07  Drone, Extractor  
  75  5:11  Overseer  
  74  5:14  Overlord  
  74  5:17  Overlord x2  
  74  5:20  Roach x3  
  80  5:28  Overlord x3  
  80  5:30  Roach  
  82  5:39  Roach x4  
  90  5:49  Roach x2  
  97  5:50  Roach x4  
  97  5:53  Ravager x2  
  97  5:54  Ravager  
  104  5:57  Roach  
  104  6:00  Roach x2  
  104  6:01  Zergling x2  
  104  6:02  Zergling x8  
  115  6:09  Roach x2  
  119  6:14  Zergling x2  
  119  6:15  Ravager  
  119  6:17  Overseer  
  121  6:24  Overlord  
  121  6:25  Overlord x4  
  121  6:41  Overlord x2  
  121  6:43  Roach x6  
  132  6:48  Spine Crawler  
  132  6:52  Roach x3  
  137  7:00  Roach x6  
  146  7:04  Drone  
  146  7:08  Overlord  
  146  7:15  Roach x2  
  150  7:16  Ravager x5  
  153  7:23  Hatchery  
  153  7:28  Drone x7  
  159  7:33  Extractor  
  158  7:45  Roach x4  
  158  7:47  Zerg Ground Armor Level 1  
  166  7:57  Drone  
  166  7:58  Drone x2  
  169  8:04  Roach x5  
  179  8:12  Queen  
  181  8:15  Roach x2  
  181  8:16  Overlord x3  
  185  8:36  Roach x7  
  185  8:40  Zergling x2  
  200  8:47  Overlord  
  191  9:17  Roach x4  
  198  9:39  Ravager  
Show
View Real Time Build Order
Export as new Build Order

samosel Zerg 

Build Orders: Hatch First 

Get SALT Encoding   

  12  0:01  Drone  
  13  0:12  Overlord  
  13  0:19  Drone  
  14  0:31  Drone x2  
  16  0:48  Hatchery  
  15  0:52  Drone  
  15  0:55  Drone  
  17  1:06  Extractor  
  16  1:11  Spawning Pool  
  16  1:14  Drone  
  16  1:21  Drone x2  
  18  1:28  Drone  
  19  1:43  Overlord  
  19  2:01  Queen x2  
  21  2:03  Zergling x2  
  21  2:04  Zergling x2  
  21  2:05  Drone  
  26  2:15  Drone  
  26  2:16  Drone  
  28  2:28  Drone  
  28  2:29  Drone  
  30  2:32  Overlord  
  30  2:55  Extractor  
  29  3:04  Roach Warren  
  28  3:11  Evolution Chamber  
  28  3:12  Drone x4  
  31  3:14  Drone  
  31  3:15  Drone  
  33  3:31  Lair  
  33  3:33  Overlord x5  
  33  3:38  Zerg Missile Weapons Level 1  
  33  3:52  Roach  
  33  3:53  Roach x2  
  39  3:56  Roach  
  39  3:57  Roach  
  39  3:59  Drone  
  39  4:02  Drone  
  45  4:04  Drone  
  45  4:06  Drone  
  47  4:17  Roach  
  47  4:18  Roach x2  
  53  4:26  Roach  
  53  4:27  Roach  
  53  4:28  Roach  
  59  4:32  Overlord  
  59  4:36  Drone  
  59  4:37  Drone  
  61  4:39  Drone  
  61  4:41  Drone  
  63  4:56  Drone x2  
  63  4:57  Drone x2  
  67  5:03  Roach x4  
  67  5:05  Roach  
  77  5:12  Glial Reconstitution  
  77  5:40  Roach x2  
  77  5:41  Roach x2  
  83  5:44  Overlord  
  83  5:45  Overlord x6  
  83  6:03  Zerg Missile Weapons Level 2  
  83  6:19  Ravager  
  83  6:20  Ravager x2  
  86  6:31  Roach  
  86  6:32  Roach x3  
  94  6:49  Roach x4  
  38  7:26  Roach  
  38  7:27  Roach x5  
  50  7:42  Roach x2  
  50  7:44  Queen  
  56  8:07  Drone x4  
  56  8:10  Drone  
  61  8:18  Drone  
  62  8:35  Drone x5  
  67  9:02  Roach x6  
Tags
 
Add a new tag
Caveats
  • Supply blocks, unpowered buildings, or Contaminate may cause inaccurate times.
  • Supply counts are checked every 10 seconds.